Selects Australian Defense Battlegroup
Selects Australian Light Infantry Section
Construct Section Command Post
Australian Light Infantry Section
Australian Light Infantry Section
Selects Defensive Tactics
Construct Field Infirmary
Construct Platoon Command Post
Selects CMP 15cwt Supply Run
Selects Reinforced Resource Caches
Unlock Bishop Self-propelled Artillery
Bishop Self-propelled Artillery
Australian Light Infantry Section
Construct Company Command Post
Australian Light Infantry Section
Selects Vehicle Over Repair
Selects Archer Tank Destroyer
Bishop Self-propelled Artillery
Bishop Self-propelled Artillery
Australian Light Infantry Section
Australian Light Infantry Section
Australian Light Infantry Section